 Dungeon Crawl Stone Soup version 0.20.1-1-g8b1a95d (webtiles) character file.

157 veneficus the Poker (level 5, -1/38 HPs)
             Began as a Merfolk Skald on Nov 4, 2017.
             Slain by a worker ant (2 damage)
             ... on level 7 of the Dungeon.
             The game lasted 00:08:42 (4550 turns).

veneficus the Poker (Merfolk Skald)                 Turns: 4550, Time: 00:08:43

Health: -1/38      AC:  5    Str: 12    XL:     5   Next: 38%
Magic:  8/8        EV: 13    Int: 12    God:
Gold:   76         SH:  0    Dex: 14    Spells: 3/8 levels left

rFire    . . .     SeeInvis .   a - +0 spear
rCold    . . .     Gourm    .   (no shield)
rNeg     . . .     Faith    .   q - +2 animal skin
rPois    .         Spirit   .   h - +0 hat
rElec    .         Reflect  .   r - +0 cloak
rCorr    .         Harm     .   (no gloves)
MR       .....                  (no boots)
Stlth    +.........             (no amulet)
Regen    0.2/turn               (no ring)
MPRegen  0.2/turn               (no ring)

@: lethally poisoned (-1 -> -11)
A: change form in water, swift swim, stealthy swim
a: no special abilities


You were on level 7 of the Dungeon.
You were hungry.

You visited 1 branch of the dungeon, and saw 5 of its levels.

You collected 76 gold pieces.

Inventory:

Hand Weapons
 a - a +0 spear (weapon)
Armour
 h - a +0 hat (worn)
 q - a +2 animal skin (worn)
 r - a +0 cloak (worn)
Jewellery
 s - an uncursed amulet of the gourmand {unknown}
Scrolls
 e - 3 scrolls of identify
 f - 2 scrolls of remove curse
 n - 2 scrolls of teleportation
Potions
 b - a potion of resistance
 j - a potion of brilliance {unknown}
 p - a potion of curing {unknown}
Books
 c - a book of Battle

   Spells                             Type                      Level
   a - Infusion                       Charms                       1
   b - Shroud of Golubria             Charms/Translocation         2
   c - Song of Slaying                Charms                       2
   d - Spectral Weapon                Hexes/Charms                 3
   e - Regeneration                   Charms/Necromancy            3
Comestibles
 d - 2 bread rations
 i - 3 royal jellies
 k - 4 fruits


   Skills:
 - Level 2.1 Fighting
 * Level 6.6 Polearms
 - Level 0.6 Armour
 - Level 2.6 Dodging
 - Level 2.0 Spellcasting
 + Level 4.5 Charms


You had 3 spell levels left.
You knew the following spells:

 Your Spells              Type           Power        Failure   Level  Hunger
a - Infusion              Chrm           ##..         4%          1    ##.....
b - Shroud of Golubria    Chrm/Tloc      #.........   16%         2    ###....
c - Song of Slaying       Chrm           ##......     6%          2    ###....


Dungeon Overview and Level Annotations

Branches:
Dungeon (7/15)
 Temple: D:4-7

Altars:
Hepliaklqana
Trog
Uskayaw
Xom
The Shining One

Annotations:
D:6 Blork the orc


Message History

You closely miss the worker ant. The worker ant closely misses you.
You hit the worker ant but do no damage.
You feel sick. The worker ant barely misses you.
You take 1 damage, and have 9/38 hp.
Spoiler Alert: The worker ant is fast and can poison!
You closely miss the worker ant. You hit the worker ant.
The worker ant barely misses you.
You hit the worker ant but do no damage.
You feel sick. The worker ant closely misses you.
You take 1 damage, and have 8/38 hp.
You barely miss the worker ant. The worker ant bites you.
* * * LOW HITPOINT WARNING * * *
You are more poisoned.
The worker ant poisons you!
You take 6 damage, and have 2/38 hp.
Spoiler Alert: The worker ant is fast and can poison!
It was a potion of cancellation.
You feel magically purged.
* * * LOW HITPOINT WARNING * * *
You feel sick. The worker ant bites you.
You die...

##...
##...###
#......#
#......#
#......#
#......#
###a.....+
#...@....#
#...........
#...........
#...####....
#... ...
#... .. ####
.


You could see a worker ant.

Vanquished Creatures
  Crazy Yiuf (D:2)
  Robin (D:1)
  3 adders
  A worm (D:3)
  A dart slug (D:1)
  2 leopard geckos (D:2)
  An orc (D:6)
  A ball python (D:2)
  2 giant cockroaches
  20 goblins
  9 hobgoblins
  A quokka (D:2)
  11 bats
  6 frilled lizards
  8 kobolds
  9 rats
77 creatures vanquished.

Notes
Turn   | Place    | Note
-------+----------+-------------------------------------------
     0 | D:1      | veneficus the Merfolk Skald began the quest for the Orb.
     0 | D:1      | Reached XP level 1. HP: 16/16 MP: 3/3
   484 | D:1      | Reached XP level 2. HP: 22/22 MP: 1/5
   494 | D:1      | Learned a level 2 spell: Shroud of Golubria
   497 | D:1      | Learned a level 2 spell: Song of Slaying
   845 | D:1      | Reached skill level 4 in Polearms
  1580 | D:1      | Reached XP level 3. HP: 26/27 MP: 6/6
  2204 | D:2      | Found a hazy altar of Hepliaklqana.
  2465 | D:2      | Reached skill level 5 in Polearms
  2540 | D:2      | Found a glowing golden altar of the Shining One.
  2557 | D:2      | Noticed Robin
  2573 | D:2      | Reached XP level 4. HP: 33/33 MP: 0/7
  2749 | D:1      | Killed Robin
  3183 | D:2      | Noticed a dagger
  3183 | D:2      | Noticed a dagger
  3206 | D:2      | Found a hide-covered altar of Uskayaw.
  3287 | D:2      | Found a runed door.
  3636 | D:2      | Noticed Crazy Yiuf
  3645 | D:2      | Killed Crazy Yiuf
  3645 | D:2      | Reached skill level 6 in Polearms
  3645 | D:2      | Reached XP level 5. HP: 38/38 MP: 0/8
  4287 | D:3      | Found a shimmering altar of Xom.
  4328 | D:3      | Found a bloodstained altar of Trog.
  4495 | D:3      | You fall through a shaft for 3 floors!
  4508 | D:6      | Noticed Blork the orc
  4550 | D:7      | HP: 1/38 [poisoned by a worker ant]
  4550 | D:7      | Slain by a worker ant

Skill      XL: |  1  2  3  4 |
---------------+-------------+-----
Polearms       | 4 5 6 |  6.6
Charms         | 4 |  4.5
Fighting       | |  2.1
Armour         | |  0.6
Dodging        | |  2.6
Spellcasting   | |  2.0

Action                   |  1- 3 |  4- 6 || total
-------------------------+-------+-------++-------
Melee: Spear             |   131 |   136 ||   267
 Cast: Infusion          |     6 |     6 ||    12
       Shroud of Golubri |     1 |     1 ||     2
  Use: Scroll            |       |     6 ||     6
       Potion            |       |     1 ||     1
 Stab: Sleeping          |     3 |     2 ||     5
       Distracted        |       |     1 ||     1
  Eat: Chunk             |     5 |     6 ||    11
Armor: Leather armour    |    18 |     3 ||    21
       Animal skin       |       |    17 ||    17
Dodge: Dodged            |    56 |    78 ||   134
